Map: 2000 Atmospheres LE

Players

ShoWTimE - Winner!

  • Race: Protoss Protoss

AqueroN

  • Race: Terran Terran

Event: DreamHack SC2 Masters 2021 Winter

VOD

Have the link to the VOD?

Description

Time

  • Played on: Sept. 29, 2021, 11:29 a.m.
  • Length: 8:42

All games in this series

Show
View Real Time Build Order
Export as new Build Order

ShoWTimE Protoss - Winner!

Build Orders: 1 Gate Expand, Oracle Opening 

Get SALT Encoding   

  12  0:00  Probe  
  13  0:12  Probe  
  14  0:16  Pylon  
  14  0:24  Probe (Chrono Boost)  
  15  0:34  Gateway  
  15  0:36  Probe (Chrono Boost)  
  16  0:45  Probe (Chrono Boost)  
  16  0:46  Assimilator  
  17  0:51  Probe  
  18  1:03  Probe  
  19  1:15  Probe  
  20  1:22  Nexus  
  20  1:31  Cybernetics Core  
  20  1:33  Probe  
  20  1:38  Assimilator  
  21  1:45  Probe  
  22  1:49  Pylon  
  22  1:58  Probe  
  23  2:04  Adept (Chrono Boost)  
  25  2:10  Probe  
  26  2:18  Stargate  
  26  2:22  Probe  
  27  2:24  Adept (Chrono Boost)  
  29  2:31  Warp Gate  
  29  2:34  Probe (Chrono Boost)  
  31  2:40  Probe (Chrono Boost)  
  31  2:43  Probe (Chrono Boost)  
  32  2:47  Adept, Probe (Chrono Boost)  
  32  2:48  Probe (Chrono Boost)  
  36  2:58  Probe  
  37  3:00  Probe  
  37  3:01  Oracle (Chrono Boost)  
  41  3:07  Pylon  
  41  3:10  Probe  
  43  3:12  Probe  
  43  3:17  Adept  
  45  3:22  Probe  
  45  3:25  Probe  
  45  3:26  Gateway  
  47  3:34  Probe, Oracle (Chrono Boost)  
  47  3:37  Probe  
  52  3:42  Pylon  
  52  3:46  Probe  
  53  3:49  Probe  
  54  4:00  Probe  
  54  4:01  Probe  
  56  4:04  Nexus  
  56  4:07  Phoenix  
  58  4:10  Pylon  
  58  4:12  Assimilator  
  58  4:13  Probe  
  58  4:14  Assimilator, Probe  
  60  4:25  Robotics Facility, Probe  
  60  4:27  Probe  
  62  4:37  Probe  
  63  4:39  Probe  
  64  4:49  Pylon  
  64  4:50  Probe  
  64  4:51  Probe  
  66  4:54  Twilight Council  
  66  5:00  Gateway  
  66  5:02  Probe  
  66  5:03  Gateway, Probe  
  68  5:14  Observer, Probe, Gateway  
  70  5:15  Probe  
  70  5:16  Robotics Bay  
  70  5:20  Probe  
  72  5:26  Probe  
  72  5:28  Probe  
  74  5:29  Charge (Chrono Boost)  
  74  5:30  Stalker x2  
  74  5:32  Probe  
  79  5:36  Immortal (Chrono Boost)  
  79  5:38  Probe  
  79  5:40  Probe  
  79  5:42  Pylon  
  85  5:44  Probe  
  85  5:45  Shield Battery  
  86  5:50  Probe  
  86  5:52  Probe  
  86  5:55  Sentry x2  
  86  5:57  Probe  
  93  5:59  Pylon  
  93  6:00  Pylon  
  93  6:05  Pylon  
  93  6:11  Colossus (Chrono Boost)  
  93  6:17  Pylon  
  99  6:20  Probe x3  
  99  6:22  Phoenix, Assimilator  
  99  6:24  Zealot x5  
  114  6:27  Assimilator  
  114  6:29  Pylon  
  114  6:35  Extended Thermal Lance  
  114  6:44  Pylon  
  114  6:46  Phoenix (Chrono Boost)  
  114  6:49  Zealot x5  
  126  6:54  Pylon  
  126  6:55  Colossus (Chrono Boost)  
  126  6:56  Pylon  
  132  7:04  Shield Battery  
  132  7:13  Phoenix  
  132  7:14  Zealot x4  
  132  7:15  Zealot  
  138  7:25  Pylon  
  138  7:28  Forge  
  138  7:29  Forge  
  135  7:38  Phoenix  
  135  7:39  Zealot x5  
  147  7:46  Pylon  
  147  7:53  Pylon  
  147  7:55  Nexus  
  147  7:58  Pylon  
  147  8:06  Probe x3  
  147  8:08  Stalker x2  
  154  8:18  Probe x3  
  157  8:24  Zealot x3  
Show
View Real Time Build Order
Export as new Build Order

AqueroN Terran 

Build Orders:  

Get SALT Encoding   

  12  0:00  SCV  
  13  0:12  SCV  
  14  0:17  Supply Depot  
  14  0:24  SCV  
  15  0:38  SCV  
  15  0:39  Barracks  
  16  0:43  Refinery  
  16  0:50  SCV  
  17  1:03  SCV  
  18  1:15  SCV  
  19  1:27  Marine, Orbital Command  
  20  1:42  Command Center  
  20  1:46  Barracks Reactor  
  20  1:54  Supply Depot  
  20  1:57  SCV  
  21  2:09  SCV  
  21  2:11  Factory  
  22  2:21  SCV  
  22  2:22  Marine x2  
  24  2:26  Refinery  
  25  2:30  Bunker  
  25  2:33  SCV  
  26  2:40  Marine x2  
  28  2:45  SCV  
  29  2:56  Orbital Command  
  29  2:57  SCV  
  30  3:02  Starport  
  30  3:03  Marine  
  31  3:06  Marine  
  31  3:09  SCV  
  35  3:12  Widow Mine  
  35  3:21  SCV  
  35  3:22  Marine  
  35  3:23  SCV  
  35  3:24  Marine  
  39  3:30  Supply Depot  
  39  3:34  SCV  
  40  3:35  Widow Mine, SCV  
  40  3:39  Medivac  
  45  3:43  Supply Depot  
  45  3:48  SCV  
  46  3:51  SCV, Marine x2  
  49  3:56  Supply Depot  
  49  4:00  SCV  
  49  4:03  SCV  
  49  4:12  SCV  
  49  4:16  SCV  
  49  4:18  Marine x2  
  50  4:24  SCV  
  50  4:26  Barracks  
  50  4:27  Factory Tech Lab  
  50  4:28  Starport Tech Lab  
  51  4:33  Barracks  
  51  4:35  SCV  
  51  4:36  Marine x2  
  52  4:39  SCV  
  52  4:47  SCV, Raven  
  55  4:53  SCV  
  55  4:54  Marine x2  
  55  4:56  Supply Depot  
  55  4:59  SCV  
  59  5:05  SCV  
  59  5:07  Supply Depot  
  60  5:11  SCV, Factory Reactor, Marine x2  
  60  5:14  Engineering Bay  
  63  5:17  SCV  
  63  5:19  Supply Depot  
  65  5:23  SCV  
  62  5:29  Stimpack, SCV, Marine x3  
  62  5:35  SCV  
  66  5:38  Combat Shield  
  66  5:39  Starport Reactor  
  66  5:40  Supply Depot  
  66  5:41  SCV  
  67  5:42  Terran Infantry Weapons Level 1, Refinery  
  67  5:46  Marauder, Marine  
  67  5:47  SCV  
  67  5:49  Marine  
  71  5:50  Marine  
  73  5:57  Widow Mine x2  
  73  6:00  SCV x2  
  77  6:06  Marauder  
  77  6:09  Marauder  
  81  6:14  Command Center  
  81  6:15  SCV  
  83  6:18  Medivac  
  83  6:19  Medivac  
  83  6:24  Widow Mine  
  88  6:27  Widow Mine  
  88  6:29  Supply Depot, SCV x2  
  92  6:34  Marauder  
  92  6:35  Marauder  
  92  6:37  Marine x2  
  92  6:38  Refinery  
  98  6:44  SCV x2  
  100  6:56  Marauder  
  100  6:57  Marauder  
  100  6:58  Barracks  
  104  7:02  Concussive Shells  
  104  7:04  Marine x2  
  105  7:12  SCV x2  
  103  7:17  Marauder  
  103  7:18  Marauder  
  103  7:19  Widow Mine x2  
  103  7:22  Marine x2  
  99  7:32  SCV x2  
  99  7:34  Orbital Command  
  101  7:37  Medivac x2  
  101  7:39  Barracks  
  101  7:44  SCV x2  
  106  7:48  Marine x2  
  109  7:54  Marauder, Barracks Tech Lab  
  109  7:56  SCV x2  
  109  7:57  Factory Reactor  
  113  8:00  Orbital Command  
  113  8:07  Marauder  
  113  8:08  SCV x2  
  119  8:15  Marauder  
  119  8:17  Supply Depot  
  119  8:19  Supply Depot  
  115  8:30  Barracks Reactor  

Tags
 
Add a new tag
Caveats
  • Supply blocks, unpowered buildings, or Contaminate may cause inaccurate times.
  • Supply counts are checked every 10 seconds.